Map: Eternal Empire LE

Players

SpeCial

  • Race: Terran Terran
  • League: Master
  • Spawn Location: 7:00

Zest - Winner!

  • Race: Protoss Protoss
  • League: Master
  • Spawn Location: 1:00

VOD

Have the link to the VOD?

Description

Time

  • Played on: Jan. 7, 2020, 7:40 p.m.
  • Length: 7:39
Show
View Real Time Build Order
Export as new Build Order

SpeCial Terran 

Build Orders: Mech 

Get SALT Encoding   

  12  0:00  SCV  
  13  0:13  SCV  
  14  0:18  Supply Depot  
  14  0:25  SCV  
  15  0:42  Barracks  
  15  0:43  SCV  
  16  0:56  Barracks  
  16  0:59  SCV  
  17  1:05  Refinery  
  17  1:11  SCV  
  18  1:23  SCV  
  19  1:29  Marine  
  20  1:35  Orbital Command  
  20  1:42  Supply Depot  
  20  1:45  Marine  
  20  1:47  Marine  
  22  1:57  Bunker  
  22  2:01  SCV  
  23  2:05  Marine  
  23  2:13  Marine, SCV  
  25  2:22  Factory  
  25  2:25  Marine  
  26  2:33  SCV  
  26  2:34  Marine  
  27  2:45  SCV  
  28  2:57  SCV  
  29  3:09  SCV  
  28  3:17  Factory Tech Lab, Command Center  
  27  3:23  SCV  
  27  3:24  Starport  
  27  3:26  Refinery  
  24  3:35  SCV  
  24  3:36  Cyclone  
  28  3:47  SCV  
  29  3:59  SCV  
  29  4:06  Medivac  
  30  4:11  SCV  
  31  4:19  Supply Depot  
  31  4:26  Liberator  
  31  4:27  Barracks Reactor  
  31  4:40  SCV  
  31  4:41  Widow Mine  
  31  4:45  Command Center  
  38  4:50  Orbital Command  
  37  4:53  SCV  
  38  5:05  SCV  
  39  5:07  Marine x2, Widow Mine  
  39  5:11  Orbital Command  
  43  5:17  SCV  
  44  5:27  Marine x2  
  46  5:29  SCV  
  46  5:31  Siege Tank  
  46  5:33  Starport Tech Lab  
  50  5:37  SCV  
  50  5:38  Supply Depot  
  50  5:41  SCV  
  52  5:45  Marine x2  
  54  5:56  Raven, SCV x2  
  58  6:00  Supply Depot  
  58  6:01  Orbital Command  
  58  6:02  Marine  
  58  6:03  Marine  
  60  6:09  SCV  
  60  6:11  SCV  
  58  6:15  Siege Tank  
  58  6:17  Refinery  
  53  6:20  Marine x2, Refinery  
  53  6:21  SCV  
  56  6:25  SCV  
  56  6:27  Supply Depot  
  56  6:28  SCV  
  58  6:33  SCV  
  58  6:38  SCV  
  62  6:45  SCV  
  63  6:49  Factory  
  63  6:50  Supply Depot  
  63  6:51  Orbital Command  
  63  6:52  SCV  
  63  6:53  Factory  
  62  6:57  SCV  
  62  6:59  Siege Tank  
  66  7:04  SCV  
  67  7:09  SCV  
  67  7:11  Armory  
  67  7:14  Supply Depot  
  68  7:16  SCV  
  68  7:21  SCV  
  68  7:23  SCV  
Show
View Real Time Build Order
Export as new Build Order

Zest Protoss - Winner!

Build Orders: Colossus Rush 

Get SALT Encoding   

  12  0:00  Probe  
  13  0:12  Probe  
  14  0:18  Pylon  
  14  0:24  Probe  
  15  0:36  Gateway  
  15  0:38  Probe (Chrono Boost)  
  16  0:45  Assimilator  
  17  0:50  Probe (Chrono Boost)  
  17  0:55  Probe (Chrono Boost)  
  18  1:05  Probe  
  19  1:17  Probe  
  20  1:22  Pylon  
  20  1:23  Cybernetics Core  
  20  1:27  Zealot  
  20  1:29  Probe  
  23  1:41  Probe  
  24  1:59  Stalker (Chrono Boost)  
  26  2:11  Nexus  
  26  2:17  Shield Battery  
  26  2:21  Stalker (Chrono Boost)  
  28  2:32  Shield Battery  
  28  2:40  Warp Gate  
  28  2:47  Pylon, Stalker (Chrono Boost)  
  30  2:56  Probe  
  28  3:08  Probe  
  27  3:15  Stalker  
  29  3:23  Probe (Chrono Boost)  
  29  3:25  Probe (Chrono Boost)  
  31  3:33  Probe (Chrono Boost)  
  32  3:37  Robotics Facility  
  32  3:38  Probe (Chrono Boost), Assimilator  
  33  3:42  Probe (Chrono Boost)  
  33  3:44  Probe (Chrono Boost)  
  35  3:49  Pylon  
  35  3:53  Probe  
  37  3:55  Probe  
  37  4:05  Probe  
  37  4:07  Probe  
  39  4:17  Probe  
  39  4:18  Gateway  
  39  4:19  Gateway  
  39  4:24  Probe (Chrono Boost)  
  41  4:25  Observer  
  41  4:29  Probe (Chrono Boost)  
  43  4:35  Pylon  
  43  4:36  Probe (Chrono Boost)  
  45  4:39  Probe (Chrono Boost)  
  45  4:41  Probe (Chrono Boost)  
  45  4:44  Probe (Chrono Boost)  
  46  4:47  Observer  
  46  4:50  Probe, Assimilator  
  49  4:53  Robotics Bay  
  49  4:54  Shield Battery  
  49  4:56  Assimilator  
  49  4:57  Probe  
  50  5:02  Probe  
  51  5:09  Probe  
  51  5:12  Stalker  
  54  5:14  Probe  
  54  5:18  Stalker x2  
  59  5:21  Probe  
  59  5:24  Pylon  
  59  5:26  Probe  
  59  5:27  Warp Prism (Chrono Boost)  
  63  5:36  Pylon  
  63  5:50  Gravitic Drive (Chrono Boost)  
  63  5:52  Probe x2  
  63  5:56  Colossus (Chrono Boost)  
  71  6:04  Stalker x3  
  77  6:16  Observer  
  75  6:24  Nexus  
  75  6:25  Pylon  
  75  6:27  Probe  
  76  6:33  Probe  
  76  6:36  Sentry  
  76  6:39  Probe  
  80  6:41  Observer (Chrono Boost)  
  80  6:45  Probe  
  81  6:51  Probe  
  82  6:58  Probe  
  83  7:02  Forge  
  83  7:03  Probe, Twilight Council  
  83  7:04  Pylon  
  84  7:10  Probe  
Tags
 
Add a new tag
Caveats
  • Supply blocks, unpowered buildings, or Contaminate may cause inaccurate times.
  • Supply counts are checked every 10 seconds.